 Dungeon Crawl Stone Soup version 0.29-a0-997-gf6f7e2dfe7 (webtiles) character file.

Game seed: 4181145269844167031

67 drugrobin the Chopper (level 3, 0/30 HPs)
             Began as a Demigod Fighter on Aug 4, 2022.
             Succumbed to Robin's poison
             ... on level 2 of the Dungeon.
             The game lasted 00:03:32 (1593 turns).

drugrobin the Chopper (Demigod Fighter)             Turns: 1593, Time: 00:03:32

Health: 0/30       AC: 11    Str: 21    XL:     3   Next: 70%
Magic:  5/5        EV:  5    Int: 10    God:
Gold:   171        SH:  4    Dex: 13    Spells: 2/2 levels left

rFire   . . .      SeeInvis .   a - +0 war axe
rCold   . . .      Faith    .   c - +0 buckler
rNeg    . . .      Spirit   .   q - +0 plate armour
rPois   .          Reflect  .   (no helmet)
rElec   .          Harm     .   (no cloak)
rCorr   .          Rampage  .   (no gloves)
Will    .....                   (no boots)
Stlth   ..........              (no amulet)
HPRegen 0.10/turn               (no ring)
MPRegen 0.09/turn               (no ring)

@: lethally poisoned (0 -> -2)
A: high MP 1, forlorn, divine attributes
a: no special abilities


You were on level 2 of the Dungeon.
You visited 1 branch of the dungeon, and saw 2 of its levels.

You collected 171 gold pieces.

Inventory:

Hand Weapons
 a - a +0 war axe (weapon)
Missiles
 h - 6 poisoned darts (quivered)
 l - 6 boomerangs of dispersal
 p - 6 curare-tipped darts
Armour
 b - a +0 scale mail
 c - a +0 buckler (worn)
 e - a +0 chain mail
 q - a +0 plate armour (worn)
Magical Staves
 j - a staff of air
Scrolls
 g - a scroll of silence {unknown}
 i - 2 scrolls of identify {unknown}
 k - a scroll of poison {unknown}
Potions
 d - a potion of might
 f - a potion of invisibility {unknown}
 m - a potion of cancellation
 n - 2 potions of brilliance
 o - a potion of mutation {unknown}


   Skills:
 - Level 2.6 Fighting
 + Level 3.9 Axes
 - Level 2.6 Armour
 - Level 2.6 Shields


You had 2 spell levels left.
You didn't know any spells.
Your spell library contained the following spells:

 Spells                   Type           Power      Damage    Failure   Level
 Ozocubu's Armour         Ice            0%         N/A       100%        3
 Metabolic Englaciation   Hex/Ice        0%         N/A       100%        5
 Simulacrum               Ice/Necr       0%         N/A       100%        6


Dungeon Overview and Level Annotations

Branches:
Dungeon (2/15)

Annotations:
D:2 Robin


Innate Abilities, Weirdness & Mutations

You have an increased reservoir of magic. (+10% MP)
You shall have no god before yourself.
Your divine heritage dramatically boosts your attributes as you level up.


Message History

Robin throws the goblin at you! The goblin hits you with a +0 dagger.
You hit the goblin but do no damage. The goblin hits you but does no damage.
The goblin hits you with a +0 dagger.
You slash the goblin!
You kill the goblin!
Robin hits you from afar with a +6 spear of venom!
You are poisoned.
Robin throws the goblin at you! The goblin hits you with a +0 club.
* * * LOW HITPOINT WARNING * * *
Unknown command.
* * * LOW HITPOINT WARNING * * *
You feel sick.
The goblin no longer looks unusually strong.
Unknown command.
* * * LOW HITPOINT WARNING * * *
You feel sick.
Unknown command.
Unknown command.
* * * LOW HITPOINT WARNING * * *
You feel sick.
Unknown command.
Unknown command.
It was a potion of brilliance.
You feel clever all of a sudden.
* * * LOW HITPOINT WARNING * * *
You feel sick.
Robin roars a battlecry!
The goblin goes into a battle-frenzy!
The goblin hits you but does no damage.
Unknown command.
It was a potion of cancellation.
Your magical effects are unravelling.
You feel magically purged.
You feel a little less clever now.
* * * LOW HITPOINT WARNING * * *
You feel sick. The goblin hits you but does no damage.
Unknown command.
The goblin attacks as you move away! The goblin hits you with a +0 club.
* * * LOW HITPOINT WARNING * * *
You die...

### ##.## ##.#.#######
###################.###.......
#.†..†.............## ##.#####
#.#################.###.####
#.# #).g.########.#.....# #.#
#.##g.@.........###.# #.#
#)############### #.# #.# #.#
#.# #.# #)# #># #.# #.# #.###
#.# #.# #.... #.######.# #####
#.....##)####.#
######.....)..g.g# #####


You could see Robin and a goblin (strong).

Vanquished Creatures
  An adder (D:2)
  2 bats
  3 endoplasms (D:2)
  4 giant cockroaches
  16 goblins
  8 hobgoblins
  2 jackals (D:1)
  3 quokkas
  3 ball pythons
  3 frilled lizards (D:1)
  3 rats
48 creatures vanquished.

Notes
Turn   | Place    | Note
-------+----------+-------------------------------------------
     0 | D:1      | drugrobin the Demigod Fighter began the quest for the Orb.
     0 | D:1      | Reached XP level 1. HP: 18/18 MP: 3/3
   191 | D:1      | Reached skill level 2 in Axes
   262 | D:1      | Reached XP level 2. HP: 25/25 MP: 4/4
   519 | D:1      | Reached skill level 3 in Axes
   897 | D:2      | Found Giacit's Weapon Boutique.
   915 | D:2      | Reached XP level 3. HP: 30/30 MP: 5/5
  1572 | D:2      | Noticed Robin
  1593 | D:2      | HP: 1/30 [goblin/+0 club[Robin] (2)]
  1593 | D:2      | Succumbed to Robin's poison

Illustrated notes

Levels and vault maps discovered:
D:1:      nagdon_arrival_double_spiral, layout_rooms, grunt_decor_mini_mirrors
D:2:      kennysheep_the_goblin_king, layout_loops_ring, serial_shops, shop,
          uniq_robin

Skill      XL: |  1  2 |
---------------+-------+-----
Axes           | 2 3 |  3.9
Fighting       | |  2.6
Armour         | |  2.6
Shields        | |  2.6

Action                   || total
-------------------------++-------
Melee: War axe           ||    96
Throw: Dart              ||     1
  Use: Potion            ||     2
Armor: Chain mail        ||    51
       Plate armour      ||     9
Dodge: Dodged            ||    34
Block: Buckler           ||    20

Table legend: (Time is in decaauts)
 A = Elapsed time spent in this place.
 B = Non-inter-level travel time spent in this place.
 C = Inter-level travel time spent in this place.
 D = Time resting spent in this place.
 E = Time spent auto-exploring this place.
 F = Levels seen in this place.
 G = Mean time per level.
                   A        B        C        D        E       F      G
               +--------+--------+--------+--------+--------+-----+--------+
         Total |   1631 |   1560 |     71 |    171 |    975 |   2 |  815.5 |
       Dungeon |   1631 |   1560 |     71 |    171 |    975 |   2 |  815.5 |
               +--------+--------+--------+--------+--------+-----+--------+

Top non-repeatable levels by time:
     D:1: 872 daAuts
     D:2: 758 daAuts
